 Dungeon Crawl Stone Soup version 0.26-b1-32-g5d43845318 (webtiles) character file.

Game seed: 11029842704181209345

12856 EnegeticOcto the Cleaver (level 11, -13/100 HPs)
             Began as a Deep Dwarf Fighter on Jan 6, 2021.
             Was a High Priest of Makhleb.
             Mangled by an enormous slime creature (62 damage)
             ... on level 12 of the Dungeon.
             The game lasted 00:05:55 (7191 turns).

EnegeticOcto the Cleaver (Deep Dwarf Fighter)       Turns: 7191, Time: 00:05:56

Health: -13/100    AC: 20    Str: 23    XL:     11   Next: 67%
Magic:  12/12      EV: 11    Int:  9    God:    Makhleb [*****.]
Gold:   664        SH: 13    Dex: 12    Spells: 10/10 levels left

rFire    . . .     SeeInvis .   p - +9 war axe (freeze) (curse)
rCold    . . .     Faith    +   c - +1 kite shield
rNeg     + . .     Spirit   .   v - +2 chain mail {rN+}
rPois    .         Reflect  .   q - +2 helmet
rElec    .         Harm     .   J - +0 cloak
rCorr    .         Rampage  .   (no gloves)
Will     +....                  r - +1 pair of boots
Stlth    ..........             G - amulet of faith
HPRegen  0.00/turn              k - +4 ring of evasion
MPRegen  0.13/turn              (no ring)

@: non-regenerating
A: damage resistance, heal wounds, sense surroundings 2, no regeneration
a: Heal Wounds, Renounce Religion, Minor Destruction, Lesser Servant of Makhleb,
Major Destruction, Greater Servant of Makhleb


You were on level 12 of the Dungeon.
You worshipped Makhleb.
Makhleb was extremely pleased with you.
You visited 2 branches of the dungeon, and saw 13 of its levels.
You also visited: Sewer.

You collected 664 gold pieces.

Inventory:

Hand Weapons
 a - a +0 broad axe
 f - a +4 war axe
 p - a cursed +9 war axe of freezing (weapon)
 x - a +1 war axe
 y - a +2 falchion of distortion
Armour
 c - a +1 kite shield (worn)
 q - a +2 helmet (worn)
 r - a +1 pair of boots (worn)
 v - a +2 chain mail of positive energy (worn)
 J - a +0 cloak (worn)
Jewellery
 k - a +4 ring of evasion (left hand)
 G - an amulet of faith (around neck)
Wands
 g - a wand of iceblast (3) {@v2}
 j - a wand of digging (6) {@v3}
 C - a wand of disintegration (8)
 D - a wand of enslavement (10)
Scrolls
 e - a scroll of enchant armour
 h - 3 scrolls of remove curse {@r2}
 o - 3 scrolls of teleportation {@r3}
 w - a scroll of immolation
 z - 2 scrolls of identify {@r1}
 B - 4 scrolls of magic mapping {@r5}
Potions
 b - 4 potions of flight
 d - 2 potions of might {@q3}
 i - 5 potions of heal wounds {@q2}
 l - a potion of invisibility
 m - 6 potions of curing {@q1}
 n - a potion of haste {@q4}
 s - a potion of berserk rage
 t - 2 potions of cancellation
 u - a potion of mutation
 A - a potion of resistance {@q5}
 E - a potion of magic
 F - a potion of ambrosia


   Skills:
 + Level 7.5 Fighting
 * Level 12.0 Axes
 + Level 9.2 Armour
 + Level 9.1 Shields
 + Level 8.7 Invocations
 + Level 4.3 Evocations


You had 10 spell levels left.
You didn't know any spells.
Your spell library was empty.

Dungeon Overview and Level Annotations

Branches:
Dungeon (12/15)            Temple (1/1) D:6            Lair (0/6) D:8
    Orc (0/2) D:10          Sewer (visited)

Altars:
Ashenzari
Cheibriados
Dithmenos
Fedhas
Gozag
Hepliaklqana
Kikubaaqudgha
Makhleb
Nemelex Xobeh
Okawaru
Qazlal
Ru
Sif Muna
Trog
Uskayaw
Vehumet
Wu Jian
Xom
Yredelemnul
The Shining One


Innate Abilities, Weirdness & Mutations

You are resistant to damage.
You can heal yourself by infusing magical energy.
You passively map the area around you.
You do not regenerate.


Message History

Why would you want to do that? Why would you want to do that?
Why would you want to do that? Why would you want to do that?
Why would you want to do that? Why would you want to do that?
Why would you want to do that?
A sky beast appears from thin air!
Reactivating autopickup.
You block the sky beast's attack.
You hit the sky beast. You freeze the sky beast.
The sky beast is lightly wounded.
The sky beast hits you but does no damage.
You slash the sky beast! You freeze the sky beast.
The sky beast is severely wounded.
You hit the sky beast. You freeze the sky beast.
You kill the sky beast!
Makhleb accepts your kill.
You feel better. Why would you want to do that? Why would you want to do that?
Why would you want to do that? Why would you want to do that?
Why would you want to do that?
You see here a ring of flight.
You see here a ring of flight.
A slime creature comes into view.
The slime creature quivers.
A slime creature is nearby!
A slime creature is nearby!
A slime creature is nearby!
A slime creature is nearby!
A slime creature comes into view. x2
You block the slime creature's attack.
The slime creature quivers.
You slash the slime creature! You freeze the slime creature.
The slime creature is moderately wounded.
You barely miss the slime creature.
The slime creature is moderately wounded.
The slime creature barely misses you.
A slime creature comes into view.
The slime creature quivers.
You hit the slime creature. You freeze the slime creature.
The slime creature is moderately wounded.
You block the slime creature's attack.
You slash the slime creature! You freeze the slime creature.
The slime creature is heavily wounded.
A slime creature comes into view.
The slime creature hits you!
The slime creature quivers.
You hit the slime creature. You freeze the slime creature.
The slime creature is severely wounded.
The slime creature hits you!
Two slime creatures merge to form a large slime creature.
A slime creature comes into view.
You slice the large slime creature!! You freeze the large slime creature!
The large slime creature is heavily wounded.
You slash the large slime creature! You freeze the large slime creature.
The large slime creature is severely wounded.
Two slime creatures merge to form a very large slime creature.
You slash the very large slime creature!
You freeze the very large slime creature.
The very large slime creature is heavily wounded.
You hit the very large slime creature but do no damage.
The very large slime creature is heavily wounded.
The very large slime creature barely misses you.
You slice the very large slime creature!!
You freeze the very large slime creature!
The very large slime creature is severely wounded.
The very large slime creature closely misses you.
You slice the very large slime creature!!
You freeze the very large slime creature.
The very large slime creature is almost dead.
You hear an angry hiss.
Two slime creatures merge to form an enormous slime creature.
You slash the enormous slime creature! You freeze the enormous slime creature.
The enormous slime creature is severely wounded.
You barely miss the enormous slime creature.
The enormous slime creature is severely wounded.
The enormous slime creature completely misses you.
You slash the enormous slime creature! You freeze the enormous slime creature.
The enormous slime creature is almost dead.
The enormous slime creature hits you!!!
Ouch! That really hurt!
* * * LOW HITPOINT WARNING * * *
You are too injured to fight recklessly!
You are too injured to fight recklessly!
You are too injured to fight recklessly!
You are too injured to fight recklessly!
You are too injured to fight recklessly!
You are too injured to fight recklessly!
A wraith comes into view.
Your magical essence is drained by the effort!
You feel much better.
You block the enormous slime creature's attack.
You slice the enormous slime creature!! You freeze the enormous slime creature!
The enormous slime creature is almost dead.
The enormous slime creature hits you!!!
Ouch! That really hurt!
You die...

#### ** * ##########..######
### *
#.##...##.##...#.####.# ,
*####.#.##....#####.##.###.
, ,
#.J....#J@.#..##....#..... *
#W.#####....###....##..##...
,,...#
,,####..###.##.§.#....# ...
, .#.#§....≈........ .≈ , ,
≈...§§§§.≈≈≈≈..§...≈ ≈≈
≈≈≈..§§≈≈≈≈≈≈§≈..§≈§≈ ≈
§§≈≈.≈§§≈≈#≈≈≈≈≈≈§≈≈≈ ≈ ≈
≈≈≈§≈§≈#≈#≈§§≈≈≈§≈≈# ≈ ≈
≈§§≈≈≈≈≈≈§≈≈≈≈≈≈≈≈≈≈


You could see an enormous slime creature.

Vanquished Creatures
  Snorg (D:11)
  A boulder beetle (D:9)
  Erica (D:8)
  4 two-headed ogres
  2 cyclopes (D:11)
  Joseph (D:8)
  Maggie (D:8)
  A troll (D:10)
  Prince Ribbit (D:8)
  A yak (D:8)
  A basilisk (D:9)
  2 fire elementals (D:12)
  3 water moccasins
  An acid dragon (D:11)
  5 ice beasts
  8 orc warriors
  2 black bears
  3 phantoms
  A necrophage (D:10)
  2 sky beasts
  4 ogres
  3 centaurs (D:10)
  A big kobold (Sewer)
  7 bullfrogs
  3 scorpions (D:8)
  5 killer bees (D:10)
  8 wights
  3 howler monkeys
  A bullfrog zombie (D:10)
  3 lava snakes (D:12)
  3 orc priests
  12 orc wizards
  2 centaur skeletons
  5 hounds
  4 jellies
  7 iguanas
  10 worker ants
  2 hound skeletons
  A howler monkey zombie (D:5)
  A worker ant zombie (D:5)
  Robin (D:4)
  9 adders
  8 gnolls
  2 howler monkey skeletons
  7 white imps
  An ooze (D:3)
  An adder zombie (D:7)
  3 worms
  2 dart slugs
  A leopard gecko (D:9)
  44 orcs
  4 giant cockroaches
  14 goblins
  8 hobgoblins
  A ball python (D:1)
  4 bats
  9 frilled lizards
  11 kobolds
  A leopard gecko skeleton (D:5)
  A leopard gecko zombie (D:5)
  A quokka skeleton (D:9)
  6 rats
266 creatures vanquished.

Vanquished Creatures (collateral kills)
  A phantom (D:11)
  2 wights (D:11)
  An orc (D:11)
4 creatures vanquished.

Vanquished Creatures (others)
  15 fungi
  16 plants
31 creatures vanquished.

Grand Total: 301 creatures vanquished

Notes
Turn   | Place    | Note
-------+----------+-------------------------------------------
     0 | D:1      | EnegeticOcto the Deep Dwarf Fighter began the quest for the
                  | Orb.
     0 | D:1      | Reached XP level 1. HP: 20/20 MP: 1/1
    83 | D:1      | Reached XP level 2. HP: 25/27 MP: 2/2
   420 | D:2      | Reached skill level 3 in Axes
   420 | D:2      | Reached XP level 3. HP: 28/34 MP: 3/3
   675 | D:4      | Found a stormy altar of Qazlal.
   731 | D:4      | Found a bloodstained altar of Trog.
   759 | D:4      | Noticed a black bear
   769 | D:4      | Reached XP level 4. HP: 22/42 MP: 4/4
   774 | D:4      | Killed a black bear
   775 | D:4      | Reached skill level 4 in Axes
   775 | D:4      | Reached XP level 5. HP: 40/49 MP: 5/5
  1016 | D:4      | Noticed an ogre
  1025 | D:4      | Killed an ogre
  1026 | D:4      | Reached XP level 6. HP: 32/57 MP: 6/6
  1142 | D:4      | Noticed Robin
  1156 | D:4      | Killed Robin
  1157 | D:4      | Reached skill level 5 in Axes
  1516 | D:5      | Entered Level 5 of the Dungeon
  1516 | D:5      | Found a broken altar of Ashenzari.
  1615 | D:5      | Found a blossoming altar of Fedhas.
  1616 | D:5      | Noticed an ice beast
  1655 | D:5      | Killed an ice beast
  1656 | D:5      | Reached skill level 5 in Shields
  1656 | D:5      | Reached XP level 7. HP: 33/64 MP: 7/7
  1672 | D:5      | Found a snail-covered altar of Cheibriados.
  1706 | D:5      | Reached skill level 5 in Armour
  1964 | D:5      | Found a sparkling altar of Nemelex Xobeh.
  2083 | D:5      | Found an ancient bone altar of Kikubaaqudgha.
  2093 | D:5      | Reached skill level 6 in Axes
  2447 | D:6      | Found a staircase to the Ecumenical Temple.
  2457 | Temple   | Entered the Ecumenical Temple
  2478 | Temple   | Became a worshipper of Makhleb the Destroyer
  2587 | D:6      | Reached skill level 1 in Invocations
  2682 | D:6      | Found a glowing drain.
  2707 | Sewer    | Entered a sewer
  2804 | Sewer    | Found a white marble altar of Elyvilon.
  3139 | D:6      | Found a snail-covered altar of Cheibriados.
  3253 | D:7      | Reached XP level 8. HP: 48/73 MP: 9/9
  3275 | D:7      | Reached * piety under Makhleb
  3356 | D:7      | Reached skill level 7 in Axes
  3571 | D:7      | Found a sacrificial altar of Ru.
  4151 | D:8      | Noticed Erica
  4153 | D:8      | Noticed a two-headed ogre
  4184 | D:8      | Killed a two-headed ogre
  4185 | D:8      | Reached skill level 5 in Fighting
  4185 | D:8      | Reached skill level 8 in Axes
  4185 | D:8      | Gained mutation: You passively map the area around you.
                  | [Deep Dwarf growth]
  4185 | D:8      | Reached XP level 9. HP: 70/81 MP: 9/11
  4204 | D:8      | Killed Erica
  4242 | D:8      | Noticed Prince Ribbit
  4242 | D:8      | Noticed Joseph
  4258 | D:8      | Killed Prince Ribbit
  4259 | D:8      | Reached skill level 9 in Axes
  4259 | D:8      | Reached skill level 5 in Invocations
  4266 | D:8      | Killed Joseph
  4329 | D:8      | Found a staircase to the Lair.
  4380 | D:8      | Found a glowing golden altar of the Shining One.
  4430 | D:8      | Reached XP level 10. HP: 67/91 MP: 13/13
  4718 | D:8      | Noticed Maggie
  4738 | D:8      | Killed Maggie
  4739 | D:8      | Reached skill level 10 in Axes
  4978 | D:9      | Reached ** piety under Makhleb
  5164 | D:9      | Found a radiant altar of Vehumet.
  5322 | D:9      | Found a shadowy altar of Dithmenos.
  5351 | D:9      | Noticed a two-headed ogre
  5359 | D:9      | Killed a two-headed ogre
  5468 | D:9      | Noticed a boulder beetle
  5485 | D:9      | Killed a boulder beetle
  6017 | D:10     | Entered Level 10 of the Dungeon
  6017 | D:10     | Noticed a two-headed ogre
  6021 | D:10     | Reached skill level 11 in Axes
  6036 | D:10     | Killed a two-headed ogre
  6037 | D:10     | Reached skill level 1 in Evocations
  6037 | D:10     | Reached XP level 11. HP: 67/99 MP: 14/14
  6113 | D:10     | Reached *** piety under Makhleb
  6259 | D:10     | Found a staircase to the Orcish Mines.
  6627 | D:11     | Noticed Snorg
  6631 | D:11     | Noticed a two-headed ogre
  6632 | D:11     | Reached **** piety under Makhleb
  6678 | D:11     | Killed a two-headed ogre
  6689 | D:11     | Killed Snorg
  7033 | D:12     | Reached skill level 12 in Axes
  7102 | D:12     | Reached ***** piety under Makhleb
  7191 | D:12     | Mangled by an enormous slime creature

Illustrated notes

Levels and vault maps discovered:
D:1:      amcnicky_arrival_choice, layout_loops_ring, minmay_tetromino_o4
D:2:      layout_loops_ring, kennysheep_okawaru_gauntlet
D:3:      layout_rooms, uniq_terence
D:4:      layout_loops_corners, kennysheep_mini_moat,
          nicolae_qazlal_eye_of_the_storm, dk_noncrumbling_4, uniq_robin
D:5:      layout_loops_cross, marbit_many_paths, lemuel_round_altar,
          ashenzari_conservatory_becter, nemelex_xobeh_ov_fountains_minmay,
          fedhas_altar_3
D:6:      layout_loops_corners, minmay_temple_entry_large_hall, basic_altar,
          cheibrodos_sewer_entry_bend
D:7:      layout_loops_ring, kennysheep_mini, serial_rivers,
          chequers_serial_rivers_micro_a, chequers_serial_rivers_marsh,
          chequers_serial_rivers_micro_b, chequers_serial_rivers_small_a
D:8:      layout_loops_ring, lemuel_round_altar, grunt_lair_entry_orc_guard_hut,
          uniq_joseph, uniq_prince_ribbit1, uniq_erica, uniq_maggie
D:9:      layout_loops_corners, kennysheep_little_box,
          nicolae_dithmenos_shadow_blocks, hangedman_decor_growths,
          serial_bayou_pond_e
D:10:     layout_rooms, hiddenorc1_lemuel, grunt_ministairs_2
D:11:     layout_rooms, uniq_snorg
D:12:     erik_rubicon_a, layout_basic, serial_shops, nicolae_shop_crystal,
          minmay_diamond_spiral
Temple:   minmay_temple_bridge_abc

Skill      XL: |  1  2  3  4  5  6  7  8  9 10 11 |
---------------+----------------------------------+-----
Fighting       | 3 4 5 6 7 |  7.5
Axes           | 3 4 5 6 8 9 11 12 | 12.0
Armour         | 4 5 6 7 8 9 |  9.2
Shields        | 4 5 6 7 8 9 |  9.1
Invocations    | 1 4 6 7 8 |  8.7
Evocations     | 1 4 |  4.3

Action                   |  1- 3 |  4- 6 |  7- 9 | 10-12 || total
-------------------------+-------+-------+-------+-------++-------
Melee: War axe           |   105 |    83 |   146 |   138 ||   472
       Broad axe         |       |       |   135 |   332 ||   467
Invok: Lesser Servant of |       |       |       |     1 ||     1
 Abil: Heal Wounds       |       |     2 |    10 |    15 ||    27
Evoke: Wand              |       |       |       |     7 ||     7
  Use: Scroll            |       |     7 |     7 |    17 ||    31
       Potion            |       |       |     1 |       ||     1
 Stab: Distracted        |       |       |       |     1 ||     1
Armor: Scale mail        |    52 |    50 |    21 |       ||   123
       Chain mail        |       |       |    91 |   262 ||   353
Dodge: Dodged            |    47 |    56 |   106 |   269 ||   478
Block: Kite shield       |    68 |    53 |   208 |   393 ||   722
